[Event "75th Argentine Women-ch 2024"]
[Site "Buenos Aires"]
[Date "2024.11.29"]
[Round "8.1"]
[White "Perez Lascano, Lucila"]
[Black "Adam, Ernestina"]
[Result "0-1"]
[ECO "B67"]
[WhiteElo "1593"]
[BlackElo "2154"]
[Annotator "RC"]
[PlyCount "78"]
[EventDate "2024.11.21"]
[EventType "swiss"]
[EventCountry "ARG"]
[SourceTitle "playchess.com"]
[Source "ChessBase"]
[SourceQuality "1"]
[TimeControl "5400+30"]

1. e4 c5 2. Nf3 d6 3. d4 cxd4 4. Nxd4 Nf6 5. Nc3 Nc6 6. Bg5 e6 7. Qd2 a6 8. O-O-O Bd7 9. f3 Nxd4 10. Qxd4 Be7 11. Kb1 Qc7 12. h4 b5 13. g4 O-O 14. Be3 Rfc8 15. Qd2 b4 16. Ne2 Bb5 17. h5 Nd7 18. Nd4 Ne5 19. g5 Bxf1 20. Rdxf1 Nc4 21. Qc1 Nxe3 22. Qxe3 Qc5 23. Rh2 Bxg5 24. f4 Bf6 25. Rd1 a5 26. Qd3 Bxd4 27. Qxd4 Qxd4 28. Rxd4 Rc6 29. Rhd2 Raa6 30. Kc1 Kf8 31. Kd1 Ke7 32. e5 d5 33. Rg2 g6 34. h6 Rc5 35. Kd2 Rac6 36. Kd3 Rc4 37. Rf2 f6 38. Rg2 Rxd4+ 39. Kxd4 Rc4+ 0-1

[Event "75th Argentine Women-ch 2024"]
[Site "Buenos Aires"]
[Date "2024.11.29"]
[Round "8.2"]
[White "Campos, Maria Jose"]
[Black "Bosco, Giuliana"]
[Result "1-0"]
[ECO "A25"]
[WhiteElo "2272"]
[BlackElo "1953"]
[Annotator "RC"]
[PlyCount "71"]
[EventDate "2024.11.21"]
[EventType "swiss"]
[EventCountry "ARG"]
[SourceTitle "playchess.com"]
[Source "ChessBase"]
[SourceQuality "1"]
[TimeControl "5400+30"]

1. Nf3 g6 2. c4 Bg7 3. g3 e5 4. Nc3 Nc6 5. Bg2 d6 6. Rb1 Bf5 7. d3 Qd7 8. h3 h5 9. e4 Be6 10. Nd5 Nd8 11. b4 c6 12. Ne3 Ne7 13. d4 f5 14. d5 Bf7 15. Bb2 O-O 16. O-O Be8 17. exf5 gxf5 18. dxc6 bxc6 19. c5 dxc5 20. Bxe5 Qxd1 21. Rfxd1 cxb4 22. Bd6 Bf6 23. Rxb4 Nf7 24. Bc5 Ng5 25. Rb7 Rf7 26. Nxg5 Bxg5 27. f4 Bf6 28. Rxa7 Rxa7 29. Bxa7 Ng6 30. Bc5 Bd7 31. h4 Be6 32. a3 Rg7 33. Kf2 Rb7 34. Bb4 Ne7 35. Rd6 Kf7 36. Bf3 1-0

[Event "75th Argentine Women-ch 2024"]
[Site "Buenos Aires"]
[Date "2024.11.29"]
[Round "8.3"]
[White "Zuriel, Marisa"]
[Black "Maggiolo, Elisa"]
[Result "1-0"]
[ECO "B34"]
[WhiteElo "2163"]
[BlackElo "1922"]
[Annotator "RC"]
[PlyCount "113"]
[EventDate "2024.11.21"]
[EventType "swiss"]
[EventCountry "ARG"]
[SourceTitle "playchess.com"]
[Source "ChessBase"]
[SourceQuality "1"]
[TimeControl "5400+30"]

1. e4 c5 2. Nc3 g6 3. Nf3 Bg7 4. d4 cxd4 5. Nxd4 Nc6 6. Be3 Nf6 7. Be2 d5 8. exd5 Nxd5 9. Nxd5 Qxd5 10. Bf3 Qa5+ 11. c3 Nxd4 12. Bxd4 e5 13. Be3 O-O 14. O-O Be6 15. Qc1 f5 16. Bxb7 Rab8 17. Bf3 Qb5 18. Bxa7 Rbd8 19. b4 e4 20. Bd1 f4 21. Bc5 Rf7 22. Bb3 Bxb3 23. axb3 f3 24. Rd1 Re8 25. Qe3 fxg2 26. c4 Qb8 27. Ra7 Rxa7 28. Bxa7 Qxb4 29. Rd7 Qa5 30. Bd4 Bf8 31. Qf4 Qf5 32. Qxf5 gxf5 33. Be3 Re7 34. Rd8 Rc7 35. Bh6 Rf7 36. Kxg2 f4 37. Kf1 Rf6 38. Bxf8 Rxf8 39. Rd4 e3 40. fxe3 fxe3+ 41. Ke2 Rf2+ 42. Kxe3 Rxh2 43. b4 Kf7 44. Re4 h5 45. b5 h4 46. b6 h3 47. Rh4 Rb2 48. c5 Ke6 49. Rh5 h2 50. Kd4 Kd7 51. Rh6 Rb4+ 52. Kd5 Rb2 53. c6+ Ke7 54. Rh7+ Kf6 55. b7 Rd2+ 56. Kc5 Rb2 57. Rxh2 1-0

[Event "75th Argentine Women-ch 2024"]
[Site "Buenos Aires"]
[Date "2024.11.29"]
[Round "8.4"]
[White "Brizzi, Milagros Tatiana"]
[Black "Amura, Claudia"]
[Result "1-0"]
[ECO "B29"]
[WhiteElo "2114"]
[BlackElo "2183"]
[Annotator "RC"]
[PlyCount "87"]
[EventDate "2024.11.21"]
[EventType "swiss"]
[EventCountry "ARG"]
[SourceTitle "playchess.com"]
[Source "ChessBase"]
[SourceQuality "1"]
[TimeControl "5400+30"]

1. e4 c5 2. Nf3 Nc6 3. d3 Nf6 4. g3 d5 5. exd5 Nxd5 6. Bg2 e5 7. O-O Be7 8. Re1 f6 9. c3 Bg4 10. Nbd2 Nc7 11. Nc4 Rb8 12. a4 O-O 13. a5 Kh8 14. Ne3 Bh5 15. Nf5 Re8 16. Nxe7 Rxe7 17. Be3 Na6 18. Qa4 Qxd3 19. Nh4 Qd7 20. Be4 Bg4 21. f3 Be6 22. Red1 Qc8 23. Rd6 Nd8 24. Qc2 Bg8 25. Bf5 Qc7 26. Rad1 Ne6 27. Qe4 g5 28. Rxe6 Bxe6 29. Bxe6 Rxe6 30. Nf5 Rg8 31. b4 cxb4 32. cxb4 b6 33. Qd5 Rc6 34. b5 Nb4 35. Qb3 Rc4 36. axb6 axb6 37. Rd6 Qf7 38. Qd1 Nc2 39. Bxb6 Nd4 40. Nxd4 exd4 41. Bxd4 Rgc8 42. Rxf6 Rc1 43. Rxf7+ Kg8 44. Rg7+ 1-0

[Event "75th Argentine Women-ch 2024"]
[Site "Buenos Aires"]
[Date "2024.11.29"]
[Round "8.5"]
[White "Nejanky, Maisa"]
[Black "Ramirez, Marysol"]
[Result "1-0"]
[ECO "C41"]
[WhiteElo "1928"]
[BlackElo "1824"]
[Annotator "RC"]
[PlyCount "149"]
[EventDate "2024.11.21"]
[EventType "swiss"]
[EventCountry "ARG"]
[SourceTitle "playchess.com"]
[Source "ChessBase"]
[SourceQuality "1"]
[TimeControl "5400+30"]

1. e4 e5 2. Nf3 d6 3. Nc3 Be7 4. Bc4 Nf6 5. d4 exd4 6. Nxd4 O-O 7. f3 c6 8. Nde2 b5 9. Bb3 Qb6 10. Qd3 a5 11. Be3 Qc7 12. a4 b4 13. Nb1 Rd8 14. c4 Nbd7 15. Nd2 Ne5 16. Qc2 Ba6 17. f4 Neg4 18. Bg1 Nd7 19. h3 Ngf6 20. Bf2 Re8 21. O-O Bf8 22. Ng3 Rac8 23. Rfe1 Bb7 24. Rad1 Nb6 25. Bd4 Nbd7 26. Nf3 c5 27. Bf2 Bc6 28. Qd3 Nb6 29. Bc2 g6 30. b3 Nbd7 31. Ng5 h6 32. Nxf7 Ne5 33. fxe5 dxe5 34. Nxh6+ Bxh6 35. Bxc5 Bf4 36. Bf2 Bxg3 37. Qxg3 Kg7 38. c5 Rcd8 39. Qf3 Qf7 40. Bh4 Rxd1 41. Bxf6+ Qxf6 42. Qxf6+ Kxf6 43. Rxd1 Kg5 44. Rd6 Ba8 45. Ra6 Kf4 46. Rxg6 Ke3 47. h4 Kd2 48. Bb1 Kc1 49. Bd3 Kb2 50. Bb5 Rc8 51. Bc4 Rxc5 52. h5 Bxe4 53. Rg3 Bc2 54. h6 Rc7 55. Rg7 Rc8 56. Bg8 Rc6 57. h7 Rh6 58. g4 Bxb3 59. g5 Rh4 60. Bxb3 Kxb3 61. g6 Ka2 62. Rg8 b3 63. h8=Q Rg4+ 64. Kf2 b2 65. Rb8 Rb4 66. Rxb4 axb4 67. Qh1 b3 68. g7 b1=Q 69. Qxb1+ Kxb1 70. g8=Q b2 71. Qb3 Kc1 72. Qc3+ Kb1 73. a5 Ka2 74. Qxb2+ Kxb2 75. a6 1-0

[Event "75th Argentine Women-ch 2024"]
[Site "Buenos Aires"]
[Date "2024.11.28"]
[Round "8.6"]
[White "Gaite, Karen Nerina"]
[Black "Herrera, Solange"]
[Result "1-0"]
[ECO "A25"]
[WhiteElo "1997"]
[BlackElo "1880"]
[Annotator "RC"]
[PlyCount "43"]
[EventDate "2024.11.21"]
[EventType "swiss"]
[EventCountry "ARG"]
[SourceTitle "playchess.com"]
[Source "ChessBase"]
[SourceQuality "1"]
[TimeControl "5400+30"]

1. c4 e5 2. Nc3 Nc6 3. g3 f5 4. Bg2 Nf6 5. e3 Bc5 6. Nge2 O-O 7. d4 exd4 8. exd4 Bb4 9. O-O d6 10. Nd5 Ba5 11. a3 Ne7 12. Nxf6+ Rxf6 13. b4 Qf8 14. bxa5 Ng6 15. Bg5 f4 16. Bxf6 Qxf6 17. Nxf4 Nxf4 18. gxf4 Qxf4 19. Qf3 Qh6 20. Rae1 Be6 21. Rxe6 Qxe6 22. Qxb7 1-0

[Event "75th Argentine Women-ch 2024"]
[Site "Buenos Aires"]
[Date "2024.11.28"]
[Round "8.7"]
[White "Palomares, Lujan"]
[Black "Alvarez, Mia Morena"]
[Result "0-1"]
[ECO "B55"]
[WhiteElo "1633"]
[BlackElo "1653"]
[Annotator "NA RC"]
[PlyCount "56"]
[EventDate "2024.11.21"]
[EventType "swiss"]
[EventCountry "ARG"]
[SourceTitle "playchess.com"]
[Source "ChessBase"]
[SourceQuality "1"]
[TimeControl "5400+30"]

1. e4 c5 2. Nf3 d6 3. d4 cxd4 4. Nxd4 Nf6 5. Bd3 e5 6. Nf3 Be7 7. O-O O-O 8. Nc3 h6 9. b3 Bg4 10. h3 Bh5 11. Bb2 Nbd7 12. Re1 Nc5 13. Bc4 a6 14. a4 Nh7 15. g4 Bg6 16. Kh2 h5 17. Nd2 Bh4 18. Rf1 Qg5 19. Nf3 Qf4+ 20. Kg2 hxg4 21. Nxh4 gxh3+ 22. Kxh3 Ng5+ 23. Kg2 Qxh4 24. Rh1 Bxe4+ 25. Nxe4 Qxe4+ 26. f3 Qg6 27. Kf2 e4 28. Bc1 Nxf3 0-1

[Event "75th Argentine Women-ch 2024"]
[Site "Buenos Aires"]
[Date "2024.11.29"]
[Round "8.8"]
[White "Bossero, Ingrid"]
[Black "Manzoni, Camila"]
[Result "1-0"]
[ECO "B15"]
[WhiteElo "1694"]
[BlackElo "1521"]
[Annotator "NA RC"]
[PlyCount "147"]
[EventDate "2024.11.21"]
[EventType "swiss"]
[EventCountry "ARG"]
[SourceTitle "playchess.com"]
[Source "ChessBase"]
[SourceQuality "1"]
[TimeControl "5400+30"]

1. e4 c6 2. d4 d5 3. Nc3 Nf6 4. e5 Nfd7 5. Nf3 e6 6. Bd3 Be7 7. O-O c5 8. dxc5 Bxc5 9. Qe2 Nc6 10. Bf4 Nb4 11. Bb5 a6 12. Ba4 b5 13. Bb3 Be7 14. a3 Nc6 15. Rad1 Nc5 16. Ba2 b4 17. axb4 Nxb4 18. Bb1 a5 19. Rfe1 Ba6 20. Qe3 Rb8 21. Nd4 Qc7 22. Qg3 g6 23. b3 Ra8 24. h4 h5 25. Ncb5 Bxb5 26. Nxb5 Qb6 27. Nd4 Ne4 28. Qf3 Bxh4 29. g3 Bg5 30. Bxg5 Nxg5 31. Qf6 Nh3+ 32. Kg2 Nf4+ 33. Qxf4 Rh7 34. Qf6 Kd7 35. Nf3 Rah8 36. Ng5 Qc6 37. Nxh7 Rxh7 38. Qf3 Qa8 39. Rd4 Nc6 40. Rf4 Qf8 41. c3 Qg7 42. Qe2 Qh8 43. Qb5 Kc7 44. Qc5 Kb7 45. Qb5+ Kc7 46. b4 axb4 47. cxb4 Nxe5 48. Rc1+ Kd6 49. Qb6+ Ke7 50. Rc7+ Nd7 51. Qc6 Qd8 52. Bd3 f5 53. Bb5 Kf6 54. Qc3+ e5 55. Rh4 d4 56. Qc6+ Kg5 57. Rh1 f4 58. Rxd7 Rxd7 59. Qxd7 Qa8+ 60. Bc6 Qa2 61. Qe7+ Kh6 62. Qf8+ Kg5 63. gxf4+ exf4 64. Qc5+ Kh6 65. Qxd4 Qe6 66. Qxf4+ g5 67. Qf8+ Kg6 68. Qf3 Kg7 69. b5 g4 70. Qc3+ Kg6 71. Qc2+ Kg5 72. Qc5+ Kf4 73. Rxh5 Qf7 74. Qd4# 1-0

[Event "75th Argentine Women-ch 2024"]
[Site "Buenos Aires"]
[Date "2024.11.28"]
[Round "8.9"]
[White "Macuri, Genesis"]
[Black "Montiel Marin, Micaela Agustina"]
[Result "0-1"]
[ECO "A43"]
[WhiteElo "1449"]
[BlackElo "1880"]
[Annotator "NA RC"]
[PlyCount "42"]
[EventDate "2024.11.21"]
[EventType "swiss"]
[EventCountry "ARG"]
[SourceTitle "playchess.com"]
[Source "ChessBase"]
[SourceQuality "1"]
[TimeControl "5400+30"]

1. d4 Nf6 2. Nf3 c5 3. d5 e6 4. dxe6 fxe6 5. g3 Nc6 6. Bg2 d5 7. O-O Be7 8. Nbd2 O-O 9. b3 e5 10. Bb2 e4 11. Ne5 Nxe5 12. Bxe5 Ng4 13. Bb2 Bf6 (13... Bg5 $17 14. Nxe4 (14. c4 $2 Nxf2 15. Rxf2 Be3 $19) 14... dxe4 15. Qxd8 Rxd8 (15... Bxd8 16. Bxe4 a5 17. Rae1 $17) 16. Bxe4 Bf6 17. Bxf6 Nxf6) 14. Rb1 Bxb2 15. Rxb2 Nxf2 16. Rxf2 Rxf2 17. Kxf2 Qf6+ 18. Kg1 Qxb2 19. c4 Qd4+ 20. Kh1 Bg4 21. cxd5 e3 $19 0-1

[Event "75th Argentine Women-ch 2024"]
[Site "Buenos Aires"]
[Date "2024.11.28"]
[Round "8.10"]
[White "Perez Mosqueda, Valeria Ritzabeth"]
[Black "Quiroga Ortiz, Isabella"]
[Result "0-1"]
[ECO "D94"]
[WhiteElo "1476"]
[BlackElo "1508"]
[Annotator "NA RC"]
[PlyCount "94"]
[EventDate "2024.11.21"]
[EventType "swiss"]
[EventCountry "ARG"]
[SourceTitle "playchess.com"]
[Source "ChessBase"]
[SourceQuality "1"]
[TimeControl "5400+30"]

1. d4 Nf6 2. Nf3 g6 3. e3 Bg7 4. c4 d5 5. Nc3 e6 6. Be2 O-O 7. O-O Nc6 8. Bd2 b6 9. Bd3 Bb7 10. Qc2 Qe7 11. Rfb1 Nb4 12. Qb3 Nxd3 13. Nd1 dxc4 14. Qxc4 Be4 15. Ng5 Nxf2 16. Nxf2 Bxb1 17. Rxb1 h6 18. Nf3 Qd7 19. Ne5 Qd5 20. Qxc7 Qxa2 21. Qc1 Nd5 22. Ra1 Qb3 23. Ra3 Qb5 24. e4 Rfc8 25. Qd1 Bxe5 26. dxe5 Ne7 27. Bxh6 Qxb2 28. Qd6 Rd8 29. Qxe7 Qb1+ 30. Nd1 Rxd1+ 31. Kf2 Qc2+ 32. Kf3 Rd3+ 33. Rxd3 Qxd3+ 34. Kg4 Qxe4+ 35. Kh3 Qf5+ 36. g4 Qf1+ 37. Kg3 Qg1+ 38. Kh3 Qf1+ 39. Kg3 Qe1+ 40. Kh3 Qc3+ 41. Kg2 Qxe5 42. Qb7 Qd5+ 43. Qxd5 exd5 44. Kf3 Re8 45. Kf2 a5 46. Be3 b5 47. Ke2 d4 0-1